 Dungeon Crawl Stone Soup version 0.17-a0-1914-gde4187c (webtiles) character file.

991 4thArraOfDagon the Cudgeler (level 8, -3/83 HPs)
             Began as an Ogre Hunter on Sept 26, 2015.
             Was a Believer of Okawaru.
             Slain by an orc
             ... wielding a +0 trident
              (6 damage)
             ... on level 7 of the Dungeon.
             The game lasted 00:08:14 (1238 turns).

4thArraOfDagon the Cudgeler (Ogre Hunter)           Turns: 1238, Time: 00:08:14

Health: -3/83      AC:  4    Str: 18    XL:     8   Next: 18%
Magic:  0/10       EV: 11    Int: 17    God:    Okawaru [**....]
Gold:   102        SH:  0    Dex: 10    Spells: 0 memorised, 7 levels left

rFire  . . .     SeeInvis .     m - +1 rapier (drain)
rCold  . . .     Clarity  .     d - +1 robe
rNeg   . . .     SustAt   .     (no shield)
rPois  .         Gourm    .     (helmet restricted)
rElec  .         Spirit   +     (no cloak)
rCorr  .         Warding  .     (gloves unavailable)
rMut   .         Stasis   .     (boots unavailable)
MR     .....                    o - amulet of guardian spirit
Stlth  ..........               (no ring)
                                q - ring of loudness (curse)

@: brilliant, flying, very slightly contaminated, not resistant to hostile
enchantments, extremely unstealthy
A: unfitting armour, tough skin 1
a: Heroism, Renounce Religion


You were on level 7 of the Dungeon.
You worshipped Okawaru.
Okawaru was pleased with you.
You were hungry.

You visited 2 branches of the dungeon, and saw 8 of its levels.

You collected 102 gold pieces.

Inventory:

Hand weapons
 f - a +0 club
 m - a +1 rapier of draining (weapon)
 s - a +0 giant club
 t - the +5 hand axe "Gaigeiw" {chop, rN+ Str+5 Dex+3 Stlth-, unknown}
   (You took it off an orc priest on level 7 of the Dungeon)

   It inflicts extra damage upon your enemies.
   It affects your strength (+5).
   It affects your dexterity (+3).
   It protects you from negative energy.
   It makes you less stealthy.
Armour
 d - a +1 robe (worn)
Jewellery
 o - an amulet of guardian spirit (around neck)
 q - a cursed ring of loudness (left hand)
Magical devices
 j - a wand of slowing (25)
Scrolls
 h - a scroll of immolation {unknown}
 i - a scroll of teleportation {unknown}
 l - a scroll of noise {unknown}
 n - a scroll of recharging {unknown}
Books
 b - a book of the Sky

   Spells                             Type                      Level
   a - Summon Lightning Spire         Summoning/Air                4
   b - Airstrike                      Air                          4
   c - Silence                        Hexes/Air                    5
   d - Deflect Missiles               Charms/Air                   6
   e - Conjure Ball Lightning         Conjuration/Air              6
   f - Tornado                        Air                          9
Comestibles
 c - a royal jelly
 e - 3 bread rations
 r - 3 chunks of flesh


   Skills:
 + Level 6.0 Fighting
 * Level 7.6 Maces & Flails
 - Level 4.3 Throwing
 + Level 4.1 Dodging
 - Level 0.7 Stealth
 + Level 3.8 Invocations


You had 7 spell levels left.
You didn't know any spells.

Dungeon Overview and Level Annotations

Branches:
Dungeon (7/15)             Temple (1/1) D:4

Altars:
Ashenzari
Dithmenos
Gozag
Kikubaaqudgha
Makhleb
Nemelex Xobeh
Okawaru
Qazlal
Ru
Sif Muna
Vehumet
Xom
Zin

Shops:
D:4 =


Innate Abilities, Weirdness & Mutations

You are too large for most types of armour.
You have tough skin (AC +1).


Message History

Your extra speed is starting to run out.
You feel yourself slow down.
Throwing (i - inventory):
a - a large rock (quivered)
Press: ? - help, Shift-Dir - straight line, f - orc
Aim: an orc, wielding a trident and wearing a ring mail You throw a large rock.
The large rock closely misses the orc.
You hear a shout! x2
The orc barely misses you.
You aren't carrying any potions.
Unknown command.
You barely miss the orc priest. The orc barely misses you.
The orc priest hits you with a mace.
* * * LOW HITPOINT WARNING * * *
Unknown command.
Unknown command.
You hit the orc priest. You drain the orc priest!
The orc priest is moderately wounded.
You feel like a meek peon again. The orc hits you with a trident!
You die...

.######§≈.§......# ..#
#.§........##### ..##
####.....#.....# ...#
#.....#.....# ...#
#.....#....(########## ##.####
#.....#.....##...#...##
##....######[###.....#.........##
........))..)()oo...............#
###########...##@...............#
. .....##...##...........)....#
......o...##...............#
....o....K##.....##.......##
.....#.##.#####..####..####
............###>####..##
........KK......###..##
..............##....##
.................####


You could see an orc priest and an orc.

Vanquished Creatures
  An orc warrior (D:7)
  A black bear (D:7)
  2 ogres (D:7)
  A centaur (D:7)
  2 big kobolds (D:7)
  A giant frog (D:7)
  A wyvern skeleton (D:7)
  A scorpion (D:7)
  3 crimson imps (D:6)
  A hound (D:4)
  2 orc priests (D:7)
  An orc wizard (D:7)
  2 adders
  A shadow imp (D:6)
  An ooze (D:3)
  2 worms
  An adder skeleton (D:4)
  A giant gecko (D:4)
  4 orcs
  3 goblins
  2 hobgoblins (D:2)
  10 kobolds (D:7)
  A ball python (D:3)
  3 bats
  2 giant newts
  A quokka (D:2)
51 creatures vanquished.

Notes
Turn   | Place    | Note
--------------------------------------------------------------
     0 | D:1      | 4thArraOfDagon the Ogre Hunter began the quest for the Orb.
     0 | D:1      | Reached XP level 1. HP: 22/22 MP: 1/1
    96 | D:2      | Reached skill level 1 in Maces & Flails
   106 | D:2      | Reached XP level 2. HP: 18/29 MP: 2/2
   228 | D:3      | Reached XP level 3. HP: 33/37 MP: 3/3
   254 | D:3      | Found an opulent altar of Gozag.
   470 | D:4      | Reached XP level 4. HP: 45/48 MP: 4/4
   471 | D:4      | Found Gotozum's Jewellery Shoppe.
   474 | D:4      | Found a staircase to the Ecumenical Temple.
   486 | Temple   | Entered the Ecumenical Temple
   538 | Temple   | umm
   571 | Temple   | Became a worshipper of Warmaster Okawaru
   652 | D:5      | Entered Level 5 of the Dungeon
   659 | D:5      | Found a radiant altar of Vehumet.
   772 | D:6      | Reached skill level 1 in Invocations
   772 | D:6      | Reached XP level 5. HP: 49/54 MP: 3/5
   915 | D:7      | Noticed an ogre
   922 | D:7      | Killed an ogre
   922 | D:7      | Acquired Okawaru's first power
   922 | D:7      | Reached skill level 5 in Maces & Flails
   922 | D:7      | Reached XP level 6. HP: 52/63 MP: 7/7
   959 | D:7      | Noticed a centaur
   963 | D:7      | Killed a centaur
   995 | D:7      | Noticed an ogre
   997 | D:7      | Killed an ogre
   997 | D:7      | Reached skill level 5 in Fighting
   997 | D:7      | Reached XP level 7. HP: 54/72 MP: 6/8
   998 | D:7      | Noticed a giant frog
  1007 | D:7      | Killed a giant frog
  1007 | D:7      | Reached skill level 6 in Maces & Flails
  1019 | D:7      | Noticed a black bear
  1046 | D:7      | Killed a black bear
  1077 | D:7      | Got a bloodstained hand axe {chop}
  1081 | D:7      | Noticed an orc warrior
  1104 | D:7      | Killed an orc warrior
  1104 | D:7      | Reached skill level 7 in Maces & Flails
  1104 | D:7      | Reached XP level 8. HP: 7/83 MP: 1/10
  1124 | D:7      | Found a burning altar of Makhleb.
  1164 | D:7      | Noticed a big kobold
  1172 | D:7      | Noticed a big kobold
  1193 | D:7      | HP: 4/83 [poisoned by a kobold]
  1199 | D:7      | HP: 4/83 [poisoned by a kobold]
  1205 | D:7      | Killed a big kobold
  1206 | D:7      | HP: 4/83 [poisoned by a kobold]
  1208 | D:7      | Killed a big kobold
  1218 | D:7      | HP: 3/83 [kobold/hand axe (1)]
  1237 | D:7      | HP: 3/83 [orc priest/mace (3)]
  1238 | D:7      | Slain by an orc

Vault maps used:
D:1:      saegor_arrival_miasma, minmay_misc_feat_square
D:2:      first_bread
D:3:      lemuel_doored_altar, uniq_robin
D:4:      cheibriados_altar_wand_db, minmay_temple_entry_statues_pillars,
          serial_shops, shop
D:5:      grunt_temple_overflow_open, uniq_eustachio
D:6:      nicolae_tso_carved_into_rock
D:7:      lightli_temple_of_fire, enter_bailey_2, minmay_misc_feat_ornament
Temple:   chambers_temple_10

Action                   |  1- 3 |  4- 6 |  7- 9 || total
-------------------------+-------+-------+-------++-------
Melee: Club              |    22 |       |       ||    22
       Rapier            |    20 |    27 |    70 ||   117
Throw: Large rock        |    16 |    28 |    10 ||    54
       Throwing net      |       |     1 |     2 ||     3
Invok: Heroism           |       |     1 |     3 ||     4
  Use: Scroll            |       |     1 |       ||     1
       Potion            |       |       |     5 ||     5
 Stab: Held in net/web   |       |     1 |     1 ||     2
  Eat: Chunk             |       |       |     1 ||     1
